 Dungeon Crawl Stone Soup version 0.29-a0-512-gf59ac78 (webtiles) character file.

Game seed: 2948771458451595845

214 Toastz the Grave Robber (level 5, -3/41 HPs)
             Began as a Demonspawn Necromancer on May 29, 2022.
             Slain by a black bear (4 damage)
             ... on level 4 of the Dungeon.
             The game lasted 00:07:25 (3294 turns).

Toastz the Grave Robber (Demonspawn Necromancer)    Turns: 3294, Time: 00:07:26

Health: -3/41      AC:  2    Str:  8    XL:     5   Next: 59%
Magic:  1/8        EV: 12    Int: 21    God:
Gold:   220        SH:  0    Dex: 13    Spells: 1/9 levels left

rFire   . . .      SeeInvis .   b - +0 rapier
rCold   . . .      Faith    .   (no shield)
rNeg    . . .      Spirit   .   d - +0 robe
rPois   .          Reflect  .   (no helmet)
rElec   .          Harm     .   (no cloak)
rCorr   .          Rampage  .   (no gloves)
Will    .....                   (no boots)
Stlth   ++........              (no amulet)
HPRegen 0.13/turn               (no ring)
MPRegen 0.11/turn               (no ring)

@: no status effects
A: hooves 1, powered by death 1, big brain 1
a: no special abilities


You were on level 4 of the Dungeon.
You visited 1 branch of the dungeon, and saw 4 of its levels.

You collected 220 gold pieces.

Inventory:

Hand Weapons
 a - a +0 dagger
 b - a +0 rapier (weapon)
Missiles
 e - 102 stones
 m - 5 poisoned darts (quivered)
Armour
 d - a +0 robe (worn)
Scrolls
 f - a scroll of enchant armour
 o - a scroll of identify
Potions
 c - 2 potions of lignification
 g - a potion of berserk rage {unknown}
 h - 4 potions of resistance
 i - a potion of invisibility {unknown}
 j - 2 potions of curing
 k - 2 potions of heal wounds {unknown}
 l - 2 potions of brilliance {unknown}
 n - a potion of degeneration {unknown}


   Skills:
 + Level 3.0 Fighting
 - Level 1.7 Dodging
 - Level 1.7 Stealth
 + Level 2.6 Spellcasting
 * Level 6.3 Necromancy


You had one spell level left.
You knew the following spells:

 Your Spells              Type           Power      Damage    Failure   Level
a - Necrotize             Necr           100%       1d9       1%          1
b - Vampiric Draining     Necr           29%        2d8       3%          3
c - Animate Dead          Necr           29%        N/A       10%         4

Your spell library contained the following spells:

 Spells                   Type           Power      Damage    Failure   Level
 Agony                    Necr           29%        N/A       28%         5
 Fireball                 Conj/Fire      1%         3d3       98%         5
 Iskenderun's Battlesphe  Conj           2%         2d6       98%         5
 Conjure Ball Lightning   Conj/Air       1%         3x3d6     100%        6
 Orb of Destruction       Conj           1%         9d5       100%        7


Dungeon Overview and Level Annotations

Branches:
Dungeon (4/15)
 Temple: D:4-7

Altars:
Sif Muna


Innate Abilities, Weirdness & Mutations

You have large cloven feet.
You regenerate a little health from kills.
You have an unusually large brain. (Int +2)


Message History

Confirm with . or Enter, or press ? or * to list all spells.
Aiming: Vampiric Draining (dangerous; 3% risk of failure)
Press: ? - help, Shift-Dir - straight line, f/p - black bear
Aim: a black bear (moderately wounded)
You draw life force from the black bear!
You feel life coursing into your body.
You feel sick. The black bear misses you. The black bear closely misses you.
The black bear claws you but does no damage.
Casting: Vampiric Draining (dangerous; 3% risk of failure)
Confirm with . or Enter, or press ? or * to list all spells.
Aiming: Vampiric Draining (dangerous; 3% risk of failure)
Press: ? - help, Shift-Dir - straight line, f/p - black bear
Aim: a black bear (severely wounded)
You draw life force from the black bear.
You feel life coursing into your body.
You feel sick.
The black bear goes berserk!
Casting: Vampiric Draining (dangerous; 3% risk of failure)
Confirm with . or Enter, or press ? or * to list all spells.
Aiming: Necrotize (safe; 1% risk of failure)
Press: ? - help, Shift-Dir - straight line, f/p - black bear
Aim: a black bear (almost dead, berserk, chance to affect: 83%)
The black bear barely resists.
You feel sick. The black bear closely misses you.
The black bear barely misses you. The black bear claws you.
You hit the black bear but do no damage.
The black bear is almost dead.
You feel sick.
You are no longer poisoned.
The black bear misses you. The black bear claws you. x2
The black bear bites you. The black bear closely misses you.
The black bear claws you!
* * * LOW HITPOINT WARNING * * *
You hit the black bear. Your kick misses the black bear.
The black bear is almost dead.
The black bear bites you.
* * * LOW HITPOINT WARNING * * *
The black bear claws you.
* * * LOW HITPOINT WARNING * * *
The black bear claws you.
You die...

#.....# #.#.#......... #.....#
#####.#.#.........
.#####.....###.................
...........#...................
(..........#...........#.......
(..........#...........+.......
(.(.......##...........#.......
.............#####.............
.............h@................
.............###...#.##........
.............##......##....#...
....##.......##......##....##+#
... ##########......##....##+#
.. ...................>.... .
........###.............
........# #.......#.....
........###.....##.....#


You could see a black bear (berserk).

Vanquished Creatures
  A hound (D:4)
  2 orc priests (D:3)
  4 adders
  A worm (D:2)
  2 dart slugs
  3 orcs
  6 endoplasms
  3 giant cockroaches
  3 goblins
  8 hobgoblins
  5 jackals
  3 kobolds
  2 quokkas
  9 ball pythons
  9 bats
  7 frilled lizards
  7 rats
75 creatures vanquished.

Vanquished Creatures (collateral kills)
  A bat (D:1)
  A jackal (D:1)
  A goblin (D:1)
  A rat (D:3)
4 creatures vanquished.

Grand Total: 79 creatures vanquished

Notes
Turn   | Place    | Note
-------+----------+-------------------------------------------
     0 | D:1      | Toastz the Demonspawn Necromancer began the quest for the
                  | Orb.
     0 | D:1      | Reached XP level 1. HP: 13/13 MP: 3/3
   137 | D:1      | Reached skill level 1 in Fighting
   142 | D:1      | Gained mutation: You have large cloven feet. [demonic
                  | ancestry]
   142 | D:1      | Reached XP level 2. HP: 19/21 MP: 0/5
   595 | D:1      | Reached skill level 5 in Necromancy
   595 | D:1      | Gained mutation: You have an unusually large brain. (Int
                  | +2) [demonic ancestry]
   595 | D:1      | Reached XP level 3. HP: 25/27 MP: 2/6
  1099 | D:2      | Learned a level 3 spell: Vampiric Draining
  1320 | D:2      | Found a faded altar of an unknown god.
  1543 | D:2      | Reached XP level 4. HP: 34/34 MP: 2/7
  2158 | D:3      | Reached skill level 6 in Necromancy
  2158 | D:3      | Gained mutation: You regenerate a little health from kills.
                  | [demonic ancestry]
  2158 | D:3      | Reached XP level 5. HP: 20/40 MP: 0/8
  2483 | D:3      | Found a shimmering blue altar of Sif Muna.
  2489 | D:3      | Learned a level 4 spell: Animate Dead
  3263 | D:4      | Noticed a black bear
  3294 | D:4      | HP: 1/41 [black bear (5)]
  3294 | D:4      | Slain by a black bear

Illustrated notes

Levels and vault maps discovered:
D:1:      amcnicky_arrival_choice, layout_rooms, hex_tiny
D:2:      layout_loops_ring, hellmonk_ecumenical_altar_pennies_from_heaven
D:3:      layout_rooms, lemuel_blue_sif_altar
D:4:      layout_basic, serial_shops, nicolae_diamond_shop

Skill      XL: |  1  2  3  4  5 |
---------------+----------------+-----
Fighting       | 1 2 3 |  3.0
Necromancy     | 5 6 |  6.3
Dodging        | |  1.7
Stealth        | |  1.7
Spellcasting   | |  2.6

Action                   |  1- 3 |  4- 6 || total
-------------------------+-------+-------++-------
Melee: Dagger            |    16 |    32 ||    48
       Kick              |     4 |     6 ||    10
       Rapier            |       |    13 ||    13
Throw: Dart              |       |     4 ||     4
 Cast: Necrotize         |    66 |    59 ||   125
       Vampiric Draining |       |     6 ||     6
  Use: Scroll            |       |     4 ||     4
       Potion            |       |     2 ||     2
Armor: Robe              |     5 |    11 ||    16
       Skin              |       |    70 ||    70
Dodge: Dodged            |    22 |    34 ||    56

Table legend: (Time is in decaauts)
 A = Elapsed time spent in this place.
 B = Non-inter-level travel time spent in this place.
 C = Inter-level travel time spent in this place.
 D = Time resting spent in this place.
 E = Time spent auto-exploring this place.
 F = Levels seen in this place.
 G = Mean time per level.
                   A        B        C        D        E       F      G
               +--------+--------+--------+--------+--------+-----+--------+
         Total |   3295 |   3216 |     79 |    483 |   2244 |   4 |  823.8 |
       Dungeon |   3295 |   3216 |     79 |    483 |   2244 |   4 |  823.8 |
               +--------+--------+--------+--------+--------+-----+--------+

Top non-repeatable levels by time:
     D:3: 1081 daAuts
     D:2: 946 daAuts
     D:1: 890 daAuts
     D:4: 378 daAuts
